 Dungeon Crawl Stone Soup version 0.22.1-1-ga44c0e5 (webtiles) character file.

179 Ghost6211 the Shield-Bearer (level 5, -1/47 HPs)
             Began as a Minotaur Fighter on Sept 26, 2018.
             Slain by Sigmund
             ... wielding a +0 scythe
              (5 damage)
             ... on level 3 of the Dungeon.
             The game lasted 00:03:08 (2053 turns).

Ghost6211 the Shield-Bearer (Minotaur Fighter)      Turns: 2053, Time: 00:03:08

Health: -1/47      AC:  6    Str: 21    XL:     5   Next: 32%
Magic:  4/4        EV:  7    Int:  5    God:
Gold:   131        SH: 10    Dex: 10    Spells: 4/4 levels left

rFire    . . .     SeeInvis .   a - +0 flail
rCold    . . .     Gourm    .   c - +0 shield
rNeg     . . .     Faith    .   b - +0 scale mail
rPois    .         Spirit   .   (helmet restricted)
rElec    .         Reflect  .   (no cloak)
rCorr    .         Harm     .   (no gloves)
MR       .....                  (no boots)
Stlth    ..........             (no amulet)
HPRegen  0.15/turn              (no ring)
MPRegen  0.09/turn              (no ring)

@: no status effects
A: retaliatory headbutt, horns 2
a: no special abilities


You were on level 3 of the Dungeon.
You were not hungry.

You visited 1 branch of the dungeon, and saw 3 of its levels.

You collected 131 gold pieces.

Inventory:

Hand Weapons
 a - a +0 flail (weapon)
Missiles
 h - 56 stones (quivered)
Armour
 b - a +0 scale mail (worn)
 c - a +0 shield (worn)
Jewellery
 n - an uncursed ring of poison resistance {unknown}
Scrolls
 i - a scroll of blinking {unknown}
 j - a scroll of magic mapping {unknown}
 k - a scroll of identify {unknown}
 l - a scroll of fear {unknown}
 m - 2 scrolls of remove curse {unknown}
 p - a scroll of enchant armour {unknown}
 q - a scroll of fog {unknown}
Potions
 d - a potion of might
 e - a potion of haste {unknown}
 g - a potion of curing
 o - 2 potions of flight {unknown}
 r - a potion of degeneration {unknown}
 s - a potion of brilliance {unknown}
Comestibles
 f - 3 rations


   Skills:
 + Level 4.8 Fighting
 + Level 3.9 Maces & Flails
 - Level 3.6 Armour
 * Level 5.8 Shields


You had 4 spell levels left.
You didn't know any spells.
Your spell library was empty.

Dungeon Overview and Level Annotations

Branches:
Dungeon (3/15)

Altars:

Annotations:
D:3 Sigmund


Innate Abilities, Weirdness & Mutations

You reflexively headbutt those who attack you in melee.
You have a pair of horns on your head.


Message History

You miss something. Something hits you!
You miss something. You barely miss something.
Something hits you but does no damage.
You barely miss something. You block something's attack.
You barely miss something. You headbutt something.
You hear some strange, mumbled words.
Something tries to affect you, but you resist.
You hit something but do no damage. You block something's attack.
You barely miss something. Something hits you but does no damage.
You miss something. You headbutt something! Something hits you.
* * * LOW HITPOINT WARNING * * *
You closely miss something. Something hits you!
* * * LOW HITPOINT WARNING * * *
You miss something. You closely miss something. You headbutt something.
Something hits you but does no damage.
You thump something!
Sigmund appears from thin air!
Reactivating autopickup.
Sigmund hits you with a scythe.
You die...

##+### ≈≈.....### #
≈......≈≈# ###.
.(.....≈ #..P≈
......# ≈.
...≈≈###....###≈#
#P≈≈≈≈#)....(#≈≈≈.
.≈≈≈≈≈@@....$.≈≈.##
.P≈≈≈≈#).?...#≈≈≈.##.
..≈≈.###....###.≈≈P..
..P≈≈≈#......#≈≈≈≈...
P[.≈≈≈........≈≈≈≈...
#.≈≈≈≈#......#≈≈≈≈.#.
P.≈≈.###....###.≈≈..#
≈≈≈≈#......#≈≈≈≈...
P≈≈≈........≈≈≈≈...


You could see Sigmund.

Vanquished Creatures
  A scorpion (D:3)
  Natasha (twice) (D:2)
  A shadow imp (D:2)
  3 oozes
  A worm (D:3)
  2 leopard geckos (D:1)
  5 orcs (D:3)
  3 bats
  5 giant cockroaches
  6 goblins
  5 hobgoblins
  A ball python (D:2)
  6 frilled lizards
  4 kobolds
  8 rats
53 creatures vanquished.

Vanquished Creatures (others)
  Natasha (D:2)
1 creature vanquished.

Grand Total: 54 creatures vanquished

Notes
Turn   | Place    | Note
-------+----------+-------------------------------------------
     0 | D:1      | Ghost6211 the Minotaur Fighter began the quest for the Orb.
     0 | D:1      | Reached XP level 1. HP: 19/19 MP: 0/0
   110 | D:1      | Reached skill level 4 in Shields
   110 | D:1      | Reached XP level 2. HP: 14/27 MP: 1/1
   685 | D:1      | Reached XP level 3. HP: 33/33 MP: 2/2
   936 | D:2      | Noticed Natasha
   939 | D:2      | Killed Natasha
   940 | D:2      | Killed Natasha
  1045 | D:2      | Noticed Natasha
  1053 | D:2      | Killed Natasha
  1053 | D:2      | Reached skill level 5 in Shields
  1053 | D:2      | Reached XP level 4. HP: 25/41 MP: 3/3
  2013 | D:3      | Reached XP level 5. HP: 37/47 MP: 4/4
  2025 | D:3      | Noticed Sigmund
  2053 | D:3      | Slain by Sigmund

Skill      XL: |  1  2  3 |
---------------+----------+-----
Shields        | 4 5 |  5.8
Fighting       | 4 |  4.8
Maces & Flails | 3 |  3.9
Armour         | |  3.6

Action                   |  1- 3 |  4- 6 || total
-------------------------+-------+-------++-------
Melee: Flail             |    56 |    77 ||   133
       Headbutt          |     6 |    20 ||    26
  Eat: Ration            |       |     1 ||     1
Armor: Scale mail        |    23 |    24 ||    47
Dodge: Dodged            |    13 |    23 ||    36
Block: Shield            |    24 |    38 ||    62
